 Dungeon Crawl Stone Soup version 0.17.1-3-g152610e (webtiles) character file.

1424 Nekros the Thaumaturge (level 8, -2/41 HPs)
             Began as a Deep Elf Wizard on Apr 27, 2016.
             Was a Follower of Sif Muna.
             Shot with an arrow of flame by a centaur (4 damage)
             ... on level 7 of the Dungeon on Apr 28, 2016.
             The game lasted 01:43:03 (9179 turns).

Nekros the Thaumaturge (Deep Elf Wizard)            Turns: 9179, Time: 01:43:03

Health: -2/41      AC:  6    Str:  4    XL:     8   Next: 44%
Magic:  10/22      EV: 13    Int: 26    God:    Sif Muna [*.....]
Gold:   54         SH:  0    Dex: 13    Spells: 5 memorised, 13 levels left

rFire  . . .     SeeInvis .     j - +2 dagger (elec)
rCold  + . .     Clarity  .     a - +0 robe
rNeg   + . .     SustAt   .     (no shield)
rPois  .         Gourm    .     b - +2 hat
rElec  .         Spirit   .     w - +1 cloak {+Inv}
rCorr  .         Warding  .     (no gloves)
rMut   .         Stasis   .     (no boots)
MR     .....                    (no amulet)
Stlth  +++.......               r - ring of positive energy
                                g - ring of protection from cold

@: not resistant to hostile enchantments, fairly stealthy
A: no striking features
a: Channel Energy, Renounce Religion, Evoke Invisibility


You were on level 7 of the Dungeon.
You worshipped Sif Muna.
Sif Muna was aware of your devotion.
You were not hungry.

You visited 2 branches of the dungeon, and saw 8 of its levels.

You collected 294 gold pieces.
You spent 240 gold pieces at shops.

Inventory:

Hand Weapons
 j - a +2 dagger of electrocution (weapon)
 v - a +3 quarterstaff of chaos
 F - a +0 shortbow
 P - a +1 short sword of venom
Missiles
 f - 55 stones (quivered)
 y - 69 arrows
Armour
 a - a +0 robe (worn)
 b - a +2 hat (worn)
 w - a +1 cloak of invisibility (worn)
 I - a +0 robe
Magical Staves
 G - an uncursed staff of cold
Jewellery
 e - an uncursed ring of protection from fire
 g - a ring of protection from cold (left hand)
 r - a ring of positive energy (right hand)
 S - an uncursed ring of flight {unknown}
 T - an uncursed amulet of resist corrosion {unknown}
Wands
 C - a wand of slowing (0)
 H - a wand of slowing (22)
 M - a wand of draining (5)
 N - a wand of frost (12)
 Q - a wand of flame (9)
Scrolls
 k - a scroll of noise {unknown}
 l - 4 scrolls of identify
 m - 3 scrolls of enchant armour
 n - a scroll of magic mapping {unknown}
 t - 2 scrolls of fear {unknown}
 u - a scroll of enchant weapon
 x - a scroll of teleportation {unknown}
 A - a scroll of immolation {unknown}
Potions
 h - a potion of agility
 o - a potion of heal wounds
 q - a potion of curing
 s - a potion of haste {unknown}
 z - 3 potions of resistance
 B - a potion of cancellation {unknown}
 D - a potion of invisibility
 E - a potion of mutation {unknown}
 K - a potion of brilliance {unknown}
 R - a potion of lignification {unknown}
Books
 c - a book of Minor Magic

   Spells                             Type                      Level
   a - Magic Dart                     Conjuration                  1
   b - Blink                          Translocation                2
   c - Call Imp                       Summoning                    2
   d - Repel Missiles                 Charms/Air                   2
   e - Slow                           Hexes                        2
   f - Conjure Flame                  Conjuration/Fire             3
   g - Mephitic Cloud                 Conjuration/Poison/Air       3
 O - a book of Dreams

   Spells                             Type                      Level
   a - Ensorcelled Hibernation        Hexes/Ice                    2
   b - Phase Shift                    Translocation                5
   c - Shadow Creatures               Summoning                    5
   d - Silence                        Hexes/Air                    5
   e - Darkness                       Hexes                        6
   f - Mass Confusion                 Hexes                        6
Comestibles
 d - a bread ration
 i - 6 meat rations
 p - 3 beef jerkies
 J - a royal jelly
 L - a slice of pizza


   Skills:
 - Level 3.0 Bows
 - Level 4.0 Dodging
 - Level 4.4 Stealth
 + Level 8.8 Spellcasting
 - Level 6.0 Conjurations
 - Level 5.0 Summonings
 - Level 1.1 Translocations


You had 13 spell levels left.
You knew the following spells:

 Your Spells              Type           Power        Failure   Level  Hunger
a - Magic Dart            Conj           ####         1%          1    None
b - Blink                 Tloc           N/A          6%          2    None
c - Call Imp              Summ           #####...     1%          2    None
d - Mephitic Cloud        Conj/Pois/Air  ###.....     10%         3    None
e - Conjure Flame         Conj/Fire      ####....     6%          3    None


Dungeon Overview and Level Annotations

Branches:
Dungeon (7/15)             Temple (1/1) D:6

Altars:
Ashenzari
Dithmenos
Elyvilon
Fedhas
Gozag
Kikubaaqudgha
Makhleb
Nemelex Xobeh
Okawaru
Qazlal
Ru
Sif Muna
Trog
Vehumet
Xom
Yredelemnul
Zin
The Shining One

Shops:
D:7 %


Message History

Casting: Magic Dart
Confirm with . or Enter, or press ? or * to list all spells.
Aiming: Conjure Flame
Press: ? - help, Dir - move target cursor The fire roars!
The centaur shoots an arrow of flame.
The arrow of flame closely misses you.
The centaur shoots an arrow of flame.
The arrow of flame hits you. The arrow of flame burns you.
You see here an arrow of flame.
Casting: Conjure Flame
Confirm with . or Enter, or press ? or * to list all spells.
Aiming: Conjure Flame
Press: ? - help, Dir - move target cursor The fire roars!
The centaur shoots an arrow of flame.
The arrow of flame hits you! The arrow of flame burns you.
* * * LOW HITPOINT WARNING * * *
The centaur shoots an arrow of flame.
The arrow of flame hits you!
* * * LOW HITPOINT WARNING * * *
The arrow of flame burns you.
You die...

###.##.........#
#########.#
#................. #
#.#.....##.##.####
....###.##.##.# #.###
#.##.##.# #.# #.##.##.
#.# #.##.##.#### #.#
#.##.##....# #.## #.##.#
#@# ...####.##.# #(#
........##.### #.#
...#.........# #.#
..##.#######.###ยง#####..
#.##.# #...)........
#.##.# #.###.######.
#....# #...c....# #.##.#
#..(##.#.#


You could see a centaur.

Vanquished Creatures
  2 orc warriors
  A sky beast (D:5)
  A centaur (D:7)
  A gnoll sergeant (D:6)
  2 giant frogs
  A crimson imp (D:6)
  2 jellies (D:5)
  A centaur zombie (D:6)
  3 iguanas
  A giant frog skeleton (D:5)
  An orc wizard (D:7)
  4 worker ants
  2 gnolls (D:6)
  2 adders
  2 shadow imps
  An adder skeleton (D:3)
  An adder zombie (D:5)
  A worm (D:6)
  4 giant geckos
  15 orcs
  A ball python (D:2)
  7 giant cockroaches
  6 hobgoblins
  5 jackals
  3 quokkas
  5 bats
  A giant cockroach zombie (D:6)
  2 giant gecko skeletons (D:4)
  3 giant newts
  8 goblins
  9 kobolds
  4 rats
102 creatures vanquished.

Vanquished Creatures (collateral kills)
  Eustachio (D:5)
  An ogre (D:5)
  An ice beast (D:6)
  A centaur (D:5)
  A scorpion (D:6)
  2 orc priests (D:4)
  Crazy Yiuf (D:3)
  Ijyb (D:2)
  A hound (D:4)
  An orc wizard (D:3)
  A hound zombie (D:6)
  6 gnolls
  5 adders
  A shadow imp (D:6)
  An adder zombie (D:6)
  2 worms (D:3)
  10 orcs
  A ball python (D:2)
  A bat (D:3)
  A giant cockroach (D:7)
  A goblin (D:2)
  A hobgoblin (D:2)
  3 jackals
  A kobold (D:2)
46 creatures vanquished.

Vanquished Creatures (others)
  An iguana (D:6)
1 creature vanquished.

Grand Total: 149 creatures vanquished

Notes
Turn   | Place    | Note
--------------------------------------------------------------
     0 | D:1      | Nekros the Deep Elf Wizard began the quest for the Orb.
     0 | D:1      | Reached XP level 1. HP: 10/10 MP: 7/7
   217 | D:1      | Reached skill level 5 in Spellcasting
   223 | D:1      | Reached XP level 2. HP: 15/15 MP: 5/10
   227 | D:1      | Learned a level 2 spell: Blink
   230 | D:1      | Learned a level 2 spell: Call Imp
  1037 | D:2      | Noticed Ijyb
  1044 | D:2      | Reached XP level 3. HP: 19/19 MP: 3/12
  1051 | D:2      | Killed Ijyb
  1051 | D:2      | Reached skill level 6 in Spellcasting
  1244 | D:2      | Found a faded altar to an unknown god.
  1283 | D:2      | Learned a level 3 spell: Mephitic Cloud
  1287 | D:2      | Learned a level 3 spell: Conjure Flame
  1555 | D:2      | Found an iron altar of Okawaru.
  1795 | D:3      | Reached XP level 4. HP: 24/24 MP: 9/14
  1911 | D:3      | Noticed Crazy Yiuf
  1941 | D:3      | Killed Crazy Yiuf
  2777 | D:4      | Reached XP level 5. HP: 9/28 MP: 1/15
  3643 | D:4      | Reached skill level 1 in Bows
  4452 | D:4      | Reached XP level 6. HP: 32/32 MP: 3/17
  4706 | D:5      | Entered Level 5 of the Dungeon
  4708 | D:5      | Found a sand-covered staircase.
  4916 | D:5      | Found an opulent altar of Gozag.
  5032 | D:5      | Noticed Eustachio
  5338 | D:5      | Killed Eustachio
  5616 | D:5      | Reached skill level 5 in Conjurations
  5616 | D:5      | Reached XP level 7. HP: 33/36 MP: 3/18
  6109 | D:5      | Found a stormy altar of Qazlal.
  6419 | D:6      | Found a burning altar of Makhleb.
  6422 | D:6      | Found a sparkling altar of Nemelex Xobeh.
  6425 | D:6      | Found a bloodstained altar of Trog.
  6928 | D:6      | Found a staircase to the Ecumenical Temple.
  6934 | Temple   | Entered the Ecumenical Temple
  7100 | Temple   | Became a worshipper of Sif Muna the Loreminder
  7325 | D:6      | Found a sparkling altar of Nemelex Xobeh.
  7403 | D:6      | Found a shattered altar of Ashenzari.
  8050 | D:6      | Reached skill level 5 in Summonings
  8050 | D:6      | Reached XP level 8. HP: 29/41 MP: 3/19
  8208 | D:7      | Found Ocafo's Food Emporium.
  8216 | D:7      | Bought a meat ration for 60 gold pieces
  8216 | D:7      | Bought a meat ration for 60 gold pieces
  8216 | D:7      | Bought a meat ration for 60 gold pieces
  8216 | D:7      | Bought a meat ration for 60 gold pieces
  8339 | D:7      | Reached skill level 7 in Spellcasting
  8868 | D:6      | Reached * piety under Sif Muna
  8868 | D:6      | Reached skill level 8 in Spellcasting
  9179 | D:7      | HP: 2/41 [centaur/arrow of flame (10)]
  9179 | D:7      | Shot with an arrow of flame by a centaur

Action                   |  1- 3 |  4- 6 |  7- 9 || total
-------------------------+-------+-------+-------++-------
Melee: Dagger            |    11 |    37 |     8 ||    56
       Quarterstaff      |       |    16 |       ||    16
       Shortbow          |       |     1 |       ||     1
 Fire: Shortbow          |       |    76 |    95 ||   171
Throw: Stone             |     9 |     6 |       ||    15
 Cast: Magic Dart        |    74 |    45 |    45 ||   164
       Call Imp          |     7 |    52 |    53 ||   112
       Blink             |       |    21 |    22 ||    43
       Conjure Flame     |       |    16 |     9 ||    25
       Mephitic Cloud    |       |     2 |    18 ||    20
 Abil: Evoke Invisibilit |       |       |     1 ||     1
  Use: Scroll            |       |    10 |       ||    10
       Potion            |       |     4 |     2 ||     6
 Stab: Paralysed         |       |     3 |       ||     3
  Eat: Bread ration      |     1 |     2 |     3 ||     6
       Chunk             |     1 |       |       ||     1
